 Dungeon Crawl Stone Soup version 0.30.0-3-ga4e48a9924 (webtiles) character file.

Game seed: 4300146012714890139

35 GnoME the Trooper (level 3, 0/33 HPs)
             Began as a Minotaur Berserker on May 8, 2023.
             Was a Believer of Trog.
             Slain by a quokka (4 damage)
             ... on level 2 of the Dungeon.
             The game lasted 00:03:08 (1119 turns).

GnoME the Trooper (Minotaur Berserker)              Turns: 1119, Time: 00:03:08

Health: 0/33       AC:  2    Str: 23    XL:     3   Next: 16%
Magic:  2/2        EV: 12    Int:  4    God:    Trog [**....]
Gold:   44         SH:  0    Dex:  9    Spells: 2/2 levels left

rFire   . . .        a - +0 mace
rCold   . . .        (no shield)
rNeg    . . .        b - +0 animal skin
rPois   .            (helmet restricted)
rElec   .            (no cloak)
rCorr   .            (no gloves)
SInv    .            (no boots)
Will    .....        (no amulet)
Stlth   +            g - ring of flight
HPRegen 0.25/turn    (no ring)
MPRegen 0.08/turn

%: no passive effects
@: flying
A: horns 2, retaliatory headbutt
a: Renounce Religion, Berserk, Trog's Hand


You were on level 2 of the Dungeon.
You worshipped Trog.
Trog was pleased with you.
You visited 1 branch of the dungeon, and saw 2 of its levels.

You collected 44 gold pieces.

Inventory:

Hand Weapons
 a - a +0 mace (weapon)
Missiles
 e - a throwing net {=f}
 i - 3 poisoned darts
 n - 15 stones
 o - 8 boomerangs
Armour
 b - a +0 animal skin (worn)
Jewellery
 g - a ring of flight (left hand)
   (You found it on level 1 of the Dungeon)
Scrolls
 f - a scroll of blinking {unknown}
 h - a scroll of amnesia {unknown}
 m - a scroll of enchant armour {unknown}
 s - a scroll of vulnerability {unknown}
 t - 2 scrolls of identify {unknown}
Potions
 c - a potion of flight {unknown}
 d - 2 potions of haste {unknown}
 j - a potion of might {unknown}
 k - a potion of cancellation {unknown}
 l - a potion of degeneration {unknown}
 p - 2 potions of curing {unknown}
 q - a potion of mutation {unknown}
 r - a potion of brilliance {unknown}
 u - a potion of berserk rage {unknown}


   Skills:
 * Level 4.3 Fighting
 * Level 4.1 Maces & Flails
 + Level 2.8 Armour
 + Level 2.5 Dodging


You had 2 spell levels left.
You didn't know any spells.
Your spell library was empty.

Dungeon Overview and Level Annotations

Branches:
Dungeon (2/15)

Altars:
Qazlal


Innate Abilities, Weirdness & Mutations

You have a pair of horns on your head.
You reflexively headbutt those who attack you in melee.


Message History

The bat hits you but does no damage. The bat hits you but does no damage.
You closely miss the bat. The bat hits you but does no damage. x3
You barely miss the bat. The bat misses you.
Health restored: 27 You sock the bat!
You kill the bat!
Trog accepts your kill.
You have reached level 3!
Your experience leads to an increase in your attributes!
Increase (S)trength, (I)ntelligence, or (D)exterity?
You feel stronger. x2
Health restored: 33; MP restored: 2 No target in view!
No target in view!
No target in view!
r - a ruby potion You see here a bat corpse.
An endoplasm comes into view.
The endoplasm quivers.
You hit the endoplasm.
The endoplasm is almost dead.
The endoplasm freezes you.
You are frozen.
The endoplasm freezes you.
You are frozen.
You take 2 damage, and have 31/33 hp.
You hit the endoplasm.
You kill the endoplasm!
Trog accepts your kill.
No target in view!
A bat comes into view.
Found a stone staircase leading up.
Health restored: 33 You hit the bat.
You kill the bat!
Trog accepts your kill.
No target in view!
No target in view!
You see here a bat corpse.
A kobold opens the door.
It is wielding a +0 dagger.
The kobold shouts!
The kobold hits you with a +0 dagger.
You take 2 damage, and have 31/33 hp.
You sock the kobold!
You kill the kobold!
Trog accepts your kill.
You can now call upon Trog for regeneration and willpower.
No target in view!
No target in view!
Found a stormy altar of Qazlal.
You now have 38 gold pieces (gained 10).
Things that are here:
a +0 dagger; a kobold corpse Health restored: 33
p - 2 blue potions (gained 1)
There is an open door here.
There is an open door here.
A bat comes into view.
Found a scroll labelled CAAXICSUXE and a scroll labelled CIOFRE VOASO.
A bat comes into view.
The bat barely misses you.
You closely miss the bat. The bat hits you but does no damage.
You miss the bat. Your headbutt misses the bat. The bat barely misses you.
You furiously retaliate!
You headbutt the bat.
You kill the bat!
Trog accepts your kill. The bat barely misses you. The bat hits you.
You take 1 damage, and have 32/33 hp.
You completely miss the bat. The bat hits you.
The bat hits you but does no damage.
You take 1 damage, and have 31/33 hp.
You hit the bat but do no damage. The bat misses you.
The bat closely misses you.
You hit the bat but do no damage. The bat hits you but does no damage.
You completely miss the bat. Your punch misses the bat. The bat misses you.
You furiously retaliate!
You headbutt the bat.
You kill the bat!
Trog accepts your kill.
No target in view!
No target in view!
Found a stone staircase leading up.
Health restored: 33
Found a quarterstaff.
s - a scroll labelled CAAXICSUXE
Found a chain mail.
There is a stone staircase leading up here.
t - a scroll labelled CIOFRE VOASO A goblin comes into view.
It is wielding a +0 club.
Found a spear.
The goblin shouts!
Found a stone staircase leading down.
Found a sedimented silvery potion.
The goblin hits you but does no damage.
You thump the goblin!
You kill the goblin!
Trog accepts your kill.
No target in view!
u - a sedimented silvery potion
There is a stone staircase leading down here.
You reach down and open the door.
There is an open door here.
You see here a +0 quarterstaff.
t - 2 scrolls labelled CIOFRE VOASO (gained 1)
You now have 44 gold pieces (gained 6).
There is a stormy altar of Qazlal here.
A rat comes into view.
A quokka comes into view.
A goblin comes into view. It is wielding a +0 club.
The goblin shouts!
The rat misses you.
The goblin unwields a +0 club.
The goblin wields a +0 sling.
The goblin shoots a sling bullet.
The sling bullet barely misses you.
You barely miss the rat. The rat closely misses you. You furiously retaliate!
You headbutt the rat!
You kill the rat!
Trog accepts your kill.
The goblin shoots a sling bullet.
The sling bullet hits you.
You take 1 damage, and have 32/33 hp.
The quokka bites you.
The goblin shoots a sling bullet.
The sling bullet barely misses you.
You barely miss the quokka.
The quokka bites you but does no damage.
The goblin shoots a sling bullet.
The sling bullet barely misses you.
You closely miss the quokka. The quokka misses you.
The goblin shoots a sling bullet.
The sling bullet closely misses you. The quokka bites you.
You take 3 damage, and have 29/33 hp.
The quokka attacks as you move away! The quokka bites you.
The goblin shoots a sling bullet.
The sling bullet hits you.
You take 7 damage, and have 22/33 hp.
MASSIVE DAMAGE!!
You closely miss the quokka. The quokka barely misses you.
The goblin shoots a sling bullet.
The sling bullet hits you. The quokka barely misses you.
You take 4 damage, and have 18/33 hp.
You hit the quokka. You headbutt the quokka.
The quokka is almost dead.
The goblin shoots a sling bullet.
The sling bullet hits you. The quokka closely misses you.
You take 5 damage, and have 13/33 hp.
The quokka attacks as you move away! The quokka barely misses you.
The goblin shoots a sling bullet.
The sling bullet hits you.
* * * LOW HITPOINT WARNING * * *
You take 5 damage, and have 8/33 hp.
The goblin shoots a sling bullet.
The sling bullet hits you.
* * * LOW HITPOINT WARNING * * *
The quokka closely misses you. You furiously retaliate!
You headbutt the quokka, but do no damage.
You take 4 damage, and have 4/33 hp.
The quokka attacks as you move away! The quokka bites you.
You die...

#<.....####.............##....
####.###..#####.....######)....##
.........†..........'....'.....##
####.####.###.......######.....##
#.# #.# ##..#...# #.....## #.#
#.# ##.##### #.....## #.# #+#
#.##########.....## #.#
#.#........######## #.#
#.@r.......# # #++ ##.........# #
#.........# # #.........# #
##........# # #........# #
######'### # g# # #


You could see a quokka and a goblin.

Vanquished Creatures
  A dart slug (D:1)
  2 ball pythons
  5 endoplasms
  5 goblins
  2 hobgoblins
  2 jackals (D:2)
  A quokka (D:1)
  4 bats (D:2)
  3 frilled lizards
  A kobold (D:2)
  5 rats
31 creatures vanquished.

Notes
Turn   | Place    | Note
-------+----------+-------------------------------------------
     0 | D:1      | GnoME the Minotaur Berserker began the quest for the Orb.
     0 | D:1      | Reached XP level 1. HP: 19/19 MP: 0/0
   205 | D:1      | Reached XP level 2. HP: 27/27 MP: 1/1
   868 | D:2      | Reached XP level 3. HP: 33/33 MP: 2/2
   963 | D:2      | Reached ** piety under Trog
   969 | D:2      | Found a stormy altar of Qazlal.
  1119 | D:2      | Slain by a quokka

Illustrated notes

Levels and vault maps discovered:
D:1:      minmay_arrival_jagged, layout_basic, kennysheep_nondescript,
          minmay_misc_feat_alley, supply_closet_lemuel
D:2:      layout_basic, basic_altar

Skill      XL: |  1  2 |
---------------+-------+-----
Fighting       | 4 |  4.3
Maces & Flails | 4 |  4.1
Armour         | |  2.8
Dodging        | |  2.5

Action                     || total
---------------------------++-------
  Melee: Mace              ||    61
         Headbutt          ||     7
   Stab: Sleeping          ||     1
 Armour: Animal skin       ||    18
  Dodge: Dodged            ||    51
